 Dungeon Crawl Stone Soup version 0.19.3-4-gbf9329e (webtiles) character file.

29 Alarkh the Chopper (level 3, 27/29 HPs)
             Began as a Demonspawn Monk on Jan 28, 2017.
             Got out of the dungeon alive.
             The game lasted 00:01:15 (1288 turns).

Alarkh the Chopper (Demonspawn Monk)                Turns: 1288, Time: 00:01:16

Health: 27/29      AC:  2    Str: 11    XL:     3   Next: 1%
Magic:  3/3        EV: 13    Int: 12    God:
Gold:   88         SH:  0    Dex: 15    Spells: 0 memorised, 2 levels left

rFire  + . .     SeeInvis .     a - +0 hand axe
rCold  . . .     Gourm    +     b - +0 robe
rNeg   . . .     Faith    .     (no shield)
rPois  .         Spirit   .     (no helmet)
rElec  .         Reflect  .     (no cloak)
rCorr  .         Harm     .     (no gloves)
MR     .....                    (no boots)
Stlth  ++........               k - amulet of the gourmand
                                (no ring)
                                (no ring)

@: no status effects
A: fire resistance 1, spiny 1
a: no special abilities


You escaped.
You were completely stuffed.

You visited 1 branch of the dungeon, and saw 3 of its levels.

You collected 88 gold pieces.

Inventory:

Hand Weapons
 a - a +0 hand axe (weapon)
Armour
 b - a +0 robe (worn)
Jewellery
 k - an amulet of the gourmand (around neck)
Scrolls
 e - 2 scrolls of identify {unknown}
 f - 2 scrolls of recharging {unknown}
 g - 3 scrolls of remove curse {unknown}
 j - 3 scrolls of enchant weapon {unknown}
 m - a scroll of random uselessness {unknown}
 o - a scroll of teleportation {unknown}
Potions
 d - a potion of invisibility
 h - a potion of haste {unknown}
 i - a potion of lignification {unknown}
 l - a potion of curing {unknown}
Comestibles
 c - 2 bread rations
 n - 2 chunks of flesh


   Skills:
 - Level 3.0 Fighting
 + Level 3.8 Axes
 - Level 2.6 Dodging
 - Level 1.7 Stealth


You had 2 spell levels left.
You didn't know any spells.

Dungeon Overview and Level Annotations

Branches:
Dungeon (3/15)

Altars:


Innate Abilities, Weirdness & Mutations

Your flesh is heat resistant. (rF+)
You are partially covered in sharp spines.


Message History

You feel clever.
Your demonic ancestry asserts itself...
Sharp spines emerge from parts of your body.
j - 3 scrolls labeled HAHYKI JOHEFAO (gained 1)
Found a stone staircase leading up.
Found 17 bolts.
There is a stone staircase leading up here.
You climb upwards.
There is a stone staircase leading down here.
You enter the shallow water.
Moving in this stuff is going to be slow.
You enter the shallow water.
Moving in this stuff is going to be slow.
You enter the shallow water.
Moving in this stuff is going to be slow.
There is a large open door here.
There is a large open door here.
There is a large open door here.
There is a staircase leading out of the dungeon here.
Are you sure you want to leave the Dungeon?
This will make you lose the game!
You have escaped!

#..# #.#####.≈.[8.........[8..≈##
#..# #.......≈.##############.≈##
#..# #####...≈8#.#.≈≈.#≈≈≈≈≈#8≈##
#..# ###.≈.#.#.≈≈§#≈...≈#.≈##
#..# ######≈.#.#.≈§§#≈.#.≈#.≈##
#..# #.....≈.#.#§§≈§#≈.#.≈#8≈..
#..#####.####≈.#.#.≈≈§#≈.#.≈#.≈.#
.........# #≈.#.'....'..#..'...#
#........# #≈.#@'....'..#..'...#
#.#####.#####≈.#.#.≈≈.#≈.#.≈#.≈##
#(# #......≈.#.#.≈§.#≈.#.≈#8≈#
#.## #######≈.#.#.≈≈.#≈.#.≈#.≈#
...### #≈.#.#.≈≈.#≈...≈#.≈#
.....# #≈8#.#.≈≈.#≈≈≈≈≈#8≈#
...#.###### #≈.##############.≈#
..#.......# #≈..8..........8..≈##
..#.......# #≈≈≈≈≈≈≈≈≈≈≈≈≈≈≈≈≈≈..


There were no monsters in sight!

Vanquished Creatures
  A worm (D:2)
  2 dart slugs
  2 giant cockroaches
  2 goblins (D:2)
  4 hobgoblins
  4 bats
  2 frilled lizards (D:1)
  A kobold (D:1)
  4 rats (D:1)
22 creatures vanquished.

Notes
Turn   | Place    | Note
-------+----------+-------------------------------------------
     0 | D:1      | Alarkh the Demonspawn Monk began the quest for the Orb.
     0 | D:1      | Reached XP level 1. HP: 18/18 MP: 1/1
   318 | D:1      | Gained mutation: Your flesh is heat resistant. (rF+) [demonic ancestry]
   318 | D:1      | Reached XP level 2. HP: 24/24 MP: 2/2
  1233 | D:2      | Gained mutation: You are partially covered in sharp spines. [demonic ancestry]
  1233 | D:2      | Reached XP level 3. HP: 22/29 MP: 3/3
  1288 | D:$      | Got out of the dungeon alive.

Skill      XL: |  1 |
---------------+----+-----
Axes           | 3 |  3.8
Fighting       | |  3.0
Dodging        | |  2.6
Stealth        | |  1.7

Action                   || total
-------------------------++-------
Melee: Hand axe          ||    77
  Use: Potion            ||     1
 Stab: Distracted        ||     1
       Invisible         ||     3
       Sleeping          ||     2
  Eat: Chunk             ||    15
Armor: Robe              ||     6
Dodge: Dodged            ||    51
